 Dungeon Crawl Stone Soup version 0.29.1-1-gd02db6906a (webtiles) character file.

Game seed: 9801083704525313989

414 FastidiousMonk the Trooper (level 6, -13/63 HPs)
             Began as a Troll Fighter on Sept 30, 2022.
             Was an Initiate of the Shining One.
             Mangled by GigaChad's ghost (15 damage)
             ... on level 4 of the Dungeon.
             The game lasted 00:40:42 (4461 turns).

FastidiousMonk the Trooper (Troll Fighter)          Turns: 4461, Time: 00:40:42

Health: -13/63     AC:  5    Str: 25    XL:     6   Next: 60%
Magic:  5/5        EV:  9    Int:  6    God:    the Shining One [......]
Gold:   213        SH:  9    Dex: 15    Spells: 5/5 levels left

rFire   . . .      SeeInvis .   l - +0 morningstar
rCold   . . .      Faith    .   c - +0 kite shield
rNeg    . . .      Spirit   .   b - +0 robe
rPois   .          Reflect  .   (helmet restricted)
rElec   .          Harm     .   x - +0 cloak
rCorr   .          Rampage  .   (gloves unavailable)
Will    .....                   (boots unavailable)
Stlth   +.........              (no amulet)
HPRegen 1.00/turn               z - +6 ring of dexterity
MPRegen 0.09/turn               (no ring)

@: glowing
A: large, unfitting armour, claws 3, regeneration 1, shaggy fur 1, tough skin 1
a: Renounce Religion


You were on level 4 of the Dungeon.
You worshipped the Shining One.
The Shining One was noncommittal.
You visited 1 branch of the dungeon, and saw 4 of its levels.

You collected 213 gold pieces.

Inventory:

Hand Weapons
 a - a +0 flail
 f - a +1 spectral quarterstaff
 l - a +0 morningstar (weapon)
Missiles
 o - 15 stones
 s - 5 javelins
Armour
 b - a +0 robe (worn)
 c - a +0 kite shield (worn)
 t - the +0 leather armour of Itowieg {+Inv Int+2 Stlth+}
   (You found it on level 2 of the Dungeon)

   Int:       It affects your intelligence (+2).
   +Inv:      It lets you turn invisible.
   Stlth:     It makes you more stealthy.
 x - a +0 cloak (worn)
Magical Staves
 k - a staff of poison
 y - a staff of air
Jewellery
 z - a +6 ring of dexterity (left claw)
Wands
 q - a wand of polymorph (9)
 u - a wand of flame (8) (quivered)
Scrolls
 e - a scroll of fear {unknown}
 h - 3 scrolls of teleportation
 i - a scroll of poison {unknown}
 r - a scroll of acquirement {unknown}
 v - a scroll of fog {unknown}
 A - a scroll of immolation {unknown}
 E - a scroll of identify
Potions
 d - a potion of might
 g - a potion of attraction {unknown}
 j - 4 potions of cancellation
 m - 2 potions of heal wounds
 n - a potion of haste {unknown}
 p - a potion of curing {unknown}
 w - 2 potions of brilliance {unknown}
 B - 2 potions of mutation {unknown}
 C - a potion of resistance {unknown}
 D - a potion of flight {unknown}


   Skills:
 * Level 4.7 Fighting
 + Level 3.5 Maces & Flails
 - Level 2.4 Dodging
 + Level 4.1 Shields


You had 5 spell levels left.
You didn't know any spells.
Your spell library contained the following spells:

 Spells                   Type           Power      Damage    Failure   Level
 Animate Dead             Necr           0%         N/A       100%        4
 Haunt                    Necr/Summ      0%         N/A       100%        7
 Infestation              Necr           0%         N/A       100%        8


Dungeon Overview and Level Annotations

Branches:
Dungeon (4/15)
 Temple: D:4-7

Altars:
Ashenzari
Kikubaaqudgha
Uskayaw
The Shining One

Annotations:
D:1 UnknownGod
D:3 Altars-ShiningOne,Uskayaw,Ashenzari
D:4 RunedDoor,Altars-Kikubaaqudgha, GigaChad's ghost, weakling DsFi


Innate Abilities, Weirdness & Mutations

You are too large for most types of armour.
You have claws for hands.
Your natural rate of healing is unusually fast.
You are covered in fur. (AC +1)
You have tough skin. (AC +1)


Message History

The adder simulacrum barely misses you.
GigaChad's ghost attacks as you move away!
GigaChad's ghost hits you but does no damage.
The adder simulacrum attacks as you move away!
The adder simulacrum bites you but does no damage.
The adder simulacrum attacks as you move away!
The adder simulacrum barely misses you.
GigaChad's ghost attacks as you move away!
GigaChad's ghost hits you.
* * * LOW HITPOINT WARNING * * *
GigaChad's ghost freezes you.
* * * LOW HITPOINT WARNING * * *
The adder simulacrum attacks as you move away!
You block the adder simulacrum's attack.
You block the adder simulacrum's attack.
The white imp gestures at you. The puff of frost hits you!
* * * LOW HITPOINT WARNING * * *
The adder simulacrum attacks as you move away!
The adder simulacrum closely misses you.
The white imp gestures at you. The puff of frost hits you.
* * * LOW HITPOINT WARNING * * *
The white imp gestures at you. The puff of frost hits you.
* * * LOW HITPOINT WARNING * * *
The adder simulacrum barely misses you.
GigaChad's ghost hits you but does no damage.
The white imp attacks as you move away! You block the white imp's attack.
GigaChad's ghost attacks as you move away!
GigaChad's ghost hits you.
* * * LOW HITPOINT WARNING * * *
GigaChad's ghost freezes you.
* * * LOW HITPOINT WARNING * * *
The adder simulacrum attacks as you move away!
You block the adder simulacrum's attack.
The white imp attacks as you move away! You block the white imp's attack.
GigaChad's ghost attacks as you move away!
GigaChad's ghost hits you!
You die...

.....###..##..##........#
5.........#...###.......#
..####...##.#...........#
###..#####..............#
..............##........#
.......#.##............##
.......#..#.....Z5.....##
..##.#.........5ZW......#
..##.#..........@........#
..##.#.................###
..##...........#..##.###
...............#.## ##
...........##....###
............#......#
###...............#
###..#.##.##.....##
##...#........#..##


You could see GigaChad's ghost, 2 white imps, an adder simulacrum and a scorpion
simulacrum.

Vanquished Creatures
  Grinder (D:4)
  A hound (D:4)
  An orc priest (D:4)
  Natasha (thrice) (D:2)
  2 adders
  2 worms
  A dart slug (D:2)
  3 orcs (D:4)
  7 endoplasms
  5 giant cockroaches
  4 goblins
  8 hobgoblins
  2 jackals (D:1)
  2 quokkas
  6 ball pythons
  7 bats
  2 frilled lizards
  4 kobolds
  A rat (D:3)
62 creatures vanquished.

Notes
Turn   | Place    | Note
-------+----------+-------------------------------------------
     0 | D:1      | FastidiousMonk the Troll Fighter began the quest for the
                  | Orb.
     0 | D:1      | Reached XP level 1. HP: 22/22 MP: 0/0
    25 | D:1      | You fall into a shaft and drop 1 floor!
   603 | D:1      | Reached XP level 2. HP: 29/29 MP: 1/1
   718 | D:1      | Found a faded altar of an unknown god.
  1590 | D:2      | Reached XP level 3. HP: 32/37 MP: 2/2
  1617 | D:2      | Noticed Natasha
  1635 | D:2      | Killed Natasha
  1642 | D:2      | Noticed Natasha
  1671 | D:2      | Killed Natasha
  1672 | D:2      | Reached XP level 4. HP: 10/45 MP: 3/3
  2173 | D:2      | Identified the +0 leather armour of Itowieg {+Inv Int+2
                  | Stlth+}
  2325 | D:2      | Noticed Natasha
  2331 | D:2      | Killed Natasha
  2469 | D:3      | Reached XP level 5. HP: 46/54 MP: 4/4
  2489 | D:3      | Found a glowing golden altar of the Shining One.
  2514 | D:3      | Became a worshipper of the Shining One
  2615 | D:3      | Found a hide-covered altar of Uskayaw.
  3506 | D:3      | Found a broken altar of Ashenzari.
  3936 | D:4      | Noticed Grinder
  3966 | D:4      | Paralysed by Grinder for 3 turns
  3995 | D:4      | Killed Grinder
  3996 | D:4      | Reached XP level 6. HP: 19/63 MP: 5/5
  4158 | D:4      | Found an ancient bone altar of Kikubaaqudgha.
  4306 | D:4      | Found a runed translucent gate.
  4306 | D:4      | Found a runed translucent gate.
  4306 | D:4      | Found a runed translucent gate.
  4353 | D:4      | Noticed GigaChad's ghost (weakling DsFi)
  4456 | D:4      | HP: 2/63 [white imp/puff of frost (4)]
  4461 | D:4      | Mangled by GigaChad's ghost

Illustrated notes

Levels and vault maps discovered:
D:1:      shiori_arrival_maze, layout_loops_ring,
          hellmonk_ecumenical_altar_slurped_away, minmay_3d_cube
D:2:      layout_rooms, uniq_natasha
D:3:      layout_basic, general_overflow_altar, amcnicky_altar_gilded,
          mainiacjoe_overflow_chevrons
D:4:      layout_cave_pools, nicolae_kikubaaqudgha_miasma_corner,
          gammafunk_ghost_icy, minmay_misc_feat_cross, corner_web_ring,
          uniq_grinder

Skill      XL: |  1  2  3  4  5 |
---------------+----------------+-----
Maces & Flails | 2 3 |  3.5
Shields        | 3 4 |  4.1
Fighting       | 3 4 |  4.7
Dodging        | |  2.4

Action                   |  1- 3 |  4- 6 || total
-------------------------+-------+-------++-------
Melee: Flail             |   104 |    97 ||   201
       Morningstar       |       |    15 ||    15
  Use: Scroll            |       |     4 ||     4
Armor: Robe              |    42 |    31 ||    73
Dodge: Dodged            |    49 |    46 ||    95
Block: Kite shield       |    49 |    64 ||   113
